AoeStats
← Rodrigo Lao Tse

Arabia

510376198Analyzed
1v1 RM · 1d ago on Sep 30, 2026· 32m 27s· 2 players
Game mode
Random Map
Map size
Tiny (2 player)
Population
200
Speed
Normal
Resources
Standard
Victory
Conquest
Starting age
Dark Age
Ending age
Imperial Age
RankedLock teamsTeams togetherTeam positionsShared explorationLock speedFull tech treeHidden civsTurbo modeCheats
Victory
Defeat
🇨🇱 Britons · Chile
819
+17
🇺🇸 Burmese · United States
839
-41
Rodrigo Lao Tse
6:56 Loom
9:01 Feudal Age
9:34 Double-Bit Axe
15:24 Horse Collar
20:05 Castle Age
18:54 Gold Mining
21:05 Wheelbarrow
20:16 Town Watch
20:11 Pikeman
23:08 Stone Mining
27:00 Gold Shaft Mining
26:38 Squires
29:37 Bow Saw
Paaperman
9:08 Loom
11:44 Feudal Age
13:59 Horse Collar
16:19 Wheelbarrow
20:22 Castle Age
19:12 Scale Barding Armor
21:05 Bloodlines
21:12 Forging
22:16 Heavy Plow
23:19 Gold Mining
25:15 Husbandry
26:30 Heavy Plow
27:56 Chain Barding Armor
28:12 Iron Casting
28:48 Town Watch
Connection lost

Rejoining the realm…

Still unreachable

The connection could not be restored.

Session expired

The server has moved on; the page needs a fresh start.